 Dungeon Crawl Stone Soup version 0.16.0-11-gd45b091 (webtiles) character file.

133 rjames93 the Conjurer (level 4, -4/35 HPs)
             Began as a Draconian Conjurer on Mar 17, 2015.
             Slain by a gnoll
             ... wielding a +1 flail of protection
              (5 damage)
             ... on level 4 of the Dungeon.
             The game lasted 00:04:19 (2178 turns).

rjames93 the Conjurer (Draconian Conjurer)          Turns: 2178, Time: 00:04:19

Health: -4/35      AC:  5    Str: 11    XL:     4   Next: 94%
Magic:  8/8        EV: 12    Int: 16    God:
Gold:   126        SH:  0    Dex: 11    Spells: 1 memorised, 7 levels left

rFire  + . .     SeeInvis .     r - +2 long sword (elec)
rCold  x . .     Clarity  .     (armour unavailable)
rNeg   . . .     SustAb   .     (no shield)
rPois  .         Gourm    .     (helmet restricted)
rElec  .         Spirit   .     (no cloak)
rCorr  .         Warding  .     (no gloves)
rMut   .         Stasis   .     (no boots)
MR     .....                    (no amulet)
Stlth  +.........               g - ring of fire
                                f - ring of loudness (curse)

@: not resistant to hostile enchantments, very unstealthy
A: unfitting armour, cold-blooded, AC +5
a: no special abilities


You were on level 4 of the Dungeon.
You were not hungry.

You visited 1 branch of the dungeon, and saw 4 of its levels.

You collected 126 gold pieces.

Inventory:

Hand weapons
 r - a +2 long sword of electrocution (weapon)
Jewellery
 f - a cursed ring of loudness (left hand)
 g - a ring of fire (right hand)
 n - an uncursed amulet of regeneration {unknown}
Magical devices
 o - a wand of slowing (12)
Scrolls
 d - 3 scrolls of identify
 e - a scroll of enchant weapon
 i - a scroll of blinking {unknown}
 j - a scroll of immolation
 k - a scroll of fog {unknown}
 l - 2 scrolls of amnesia {unknown}
 m - a scroll of noise {unknown}
 p - a scroll of random uselessness {unknown}
Potions
 a - 2 potions of might
 h - a potion of ambrosia
Books
 c - a book of Conjurations

   Spells                             Type                      Level
   a - Magic Dart                     Conjuration                  1
   b - Searing Ray                    Conjuration                  2
   c - Dazzling Spray                 Conjuration/Hexes            3
   d - Fulminant Prism                Conjuration/Hexes            4
   e - Iskenderun's Mystic Blast      Conjuration                  4
   f - Iskenderun's Battlesphere      Conjuration/Charms           5
Comestibles
 b - a bread ration
 q - a beef jerky
 s - a slice of pizza


   Skills:
 + Level 1.2 Fighting
 * Level 0.4 Long Blades
 + Level 2.4 Dodging
 + Level 2.1 Stealth
 - Level 0.4 Unarmed Combat
 + Level 2.6 Spellcasting
 + Level 5.1 Conjurations


You had 7 spell levels left.
You knew the following spells:

 Your Spells              Type           Power        Failure   Level  Hunger
a - Magic Dart            Conj           ###.         2%          1    #......


Dungeon Overview and Level Annotations

Branches:
Dungeon (4/15)
 Temple: D:4-7

Altars:
Cheibriados
Gozag
Nemelex Xobeh
Ru
Xom


Innate Abilities, Weirdness & Mutations

Your plain brown scales are hard (AC +5).
Your body does not fit into most forms of armour.
Your cold-blooded metabolism reacts poorly to cold.


Message History

There is an open door here.
There are monsters nearby!
There are monsters nearby!
Drink which item? (? for menu, Esc to quit)
Okay, then.
The gnoll barely misses you.
You closely miss the gnoll. You tail-slap the gnoll.
The gnoll is heavily wounded.
The gnoll hits you from afar with a spear.
* * * LOW HITPOINT WARNING * * *
The gnoll hits you with a flail of protection.
* * * LOW HITPOINT WARNING * * *
The gnoll hits you from afar with a spear.
* * * LOW HITPOINT WARNING * * *
Read which item? (? for menu, Esc to quit)
As you read the scroll labeled TROUCI MEJOSAC, it crumbles to dust.
The creatures around you are filled with an inner flame!
It was a scroll of immolation.
The gnoll hits you with a flail of protection.
You die...

....... ........ .......
......... ....... .........
........ ..........
.##+####+####+####'#.......
.'....#........#...'.......
.#....'........+gg.#....(..#
.###+###'###..##g#g).......#
...........#..##@#######....
........†..#......#
...........'......#
...........##'#####
#####+#........<..#
......#...........#
...(..'...........#
+##..##...........#
.##..####+#####'########


You could see 3 gnolls.

Vanquished Creatures
  A gnoll (D:4)
  6 adders
  A giant gecko (D:4)
  5 orcs (D:3)
  A bat skeleton (D:4)
  12 hobgoblins
  11 kobolds
  A quokka (D:3)
  9 bats
  3 giant cockroaches
  4 giant newts
  7 goblins
  A quokka skeleton (D:4)
  5 rats
67 creatures vanquished.

Notes
Turn   | Place    | Note
--------------------------------------------------------------
     0 | D:1      | rjames93, the Draconian Conjurer, began the quest for the Orb.
     0 | D:1      | Reached XP level 1. HP: 14/14 MP: 3/3
   351 | D:1      | Reached XP level 2. HP: 20/20 MP: 1/4
   955 | D:2      | Reached XP level 3. HP: 24/27 MP: 0/6
  1320 | D:2      | Found a snail-covered altar of Cheibriados.
  1325 | D:2      | Reached XP level 4. HP: 34/34 MP: 1/8
  1437 | D:2      | Found a sacrificial altar of Ru.
  1437 | D:2      | Found a shimmering altar of Xom.
  1588 | D:3      | Reached skill level 5 in Conjurations
  2138 | D:4      | Found a sparkling altar of Nemelex Xobeh.
  2139 | D:4      | Found an opulent altar of Gozag.
  2169 | D:4      | Reached skill level 1 in Fighting
  2177 | D:4      | HP: 1/35 [gnoll/spear (2)]
  2178 | D:4      | Slain by a gnoll

Action                   |  1- 3 |  4- 6 || total
-------------------------+-------+-------++-------
Melee: Unarmed           |    32 |    15 ||    47
       Long sword        |       |    22 ||    22
 Cast: Magic Dart        |    66 |    40 ||   106
  Use: Scroll            |     2 |     1 ||     3
       Potion            |     2 |     1 ||     3
  Eat: Chunk             |     2 |     1 ||     3
       Bread ration      |       |     1 ||     1
